Construct Infanterie Kompanie
Construct Panzergrenadier Kompanie
Selects Mechanized Battlegroup
Selects Mobile Repair Stations
Pak 40 Anti-tank Gun Team
Panzergrenadier Officer Quarters
Selects Wespe Self-propelled Artillery
Nebelwerfer 42 Rocket Launcher Team
Pak 40 Anti-tank Gun Team
Wespe Self-propelled Artillery
Selects Zeroing Artillery Barrage
Selects StuG Assault Group
Zeroing Artillery Barrage
Pak 40 Anti-tank Gun Team